 Dungeon Crawl Stone Soup version 0.31-a0-187-gba352fbbf7 (webtiles) character file.

Game seed: 9348746663014692609

8 omnomnOMINOUS the Sneak (level 2, -1/18 HPs)
             Began as an Octopode Wanderer on June 22, 2023.
             Slain by an endoplasm (2 damage)
             ... on level 1 of the Dungeon.
             The game lasted 00:00:30 (47 turns).

omnomnOMINOUS the Sneak (Octopode Wanderer)           Turns: 47, Time: 00:00:31

Health: -1/18      AC:  1    Str: 10    XL:     2   Next: 8%
Magic:  3/4        EV:  9    Int: 14    God:
Gold:   0          SH:  0    Dex: 12    Spells: 2/3 levels left

rFire   . . .        a - +0 dagger
rCold   . . .        (no shield)
rNeg    . . .        (helmet restricted)
rPois   .            (no amulet)
rElec   .            (no ring)
rCorr   .            (no ring)
SInv    .            (no ring)
Will    .....        (no ring)
Stlth   +++          (no ring)
HPRegen 0.23/turn    (no ring)
MPRegen 0.09/turn    (no ring)
                     (no ring)

%: no passive effects
@: constricted
A: almost no armour, amphibious, 8 rings, camouflage 1, gelatinous body 1,
(nimble swimmer 1), tentacles
a: no special abilities


You were on level 1 of the Dungeon.
You visited 1 branch of the dungeon, and saw 1 of its levels.

Inventory:

Hand Weapons
 a - a +0 dagger (weapon)
Missiles
 b - an atropa-tipped dart (quivered)
 c - 2 datura-tipped darts
Wands
 d - a wand of polymorph (4)
Potions
 e - a potion of attraction


   Skills:
 + Level 1.4 Fighting
 - Level 1.0 Throwing
 + Level 0.7 Dodging
 - Level 4.0 Stealth
 + Level 1.3 Spellcasting
 - Level 2.0 Summonings
 - Level 2.1 Evocations


You had 2 spell levels left.
You knew the following spells:

 Your Spells              Type           Power      Damage    Failure   Level
a - Summon Small Mammal   Summ           24%        N/A       11%         1

Your spell library contained the following spells:

 Spells                   Type           Power      Damage    Failure   Level
 Summon Guardian Golem    Hex/Summ       3%         N/A       45%         3


Dungeon Overview and Level Annotations

Branches:
Dungeon (1/15)

Altars:


Innate Abilities, Weirdness & Mutations

You cannot wear most types of armour.
You are amphibious.
You can wear up to eight rings at the same time.
Your skin changes colour to match your surroundings (Stealth+).
Your rubbery body absorbs attacks. (AC +1, EV +1)
((You are camouflaged when in or above water. (Stealth+)))
You have tentacles for arms and can constrict up to eight enemies at once.


Message History

The ball python grabs you. The ball python constricts you.
* * * LOW HITPOINT WARNING * * *
You escape the ball python's grasp.
You closely miss the giant cockroach. You grab the giant cockroach.
You squeeze the giant cockroach.
You kill the giant cockroach!
The quokka misses you.
You have reached level 2!
You hit the quokka but do no damage. Your grab misses the quokka.
The quokka closely misses you.
You hit the quokka. You grab the quokka.
The quokka is heavily wounded.
You constrict the quokka. The quokka barely misses you.
You hit the quokka.
You tentacle-slap the quokka, but do no damage.
The quokka is almost dead.
You constrict the quokka, but do no damage.
The quokka bites you.
* * * LOW HITPOINT WARNING * * *
You hit the quokka.
You kill the quokka!
You hit the ball python but do no damage.
Your grab misses the ball python. Your squeeze misses the ball python.
The ball python barely misses you. The ball python grabs you.
The ball python constricts you.
* * * LOW HITPOINT WARNING * * *
The ball python loses its grip on you.
You hit the endoplasm.
The endoplasm is lightly wounded.
The ball python barely misses you. x2
The endoplasm freezes you.
You are frozen.
* * * LOW HITPOINT WARNING * * *
You hit the endoplasm.
The endoplasm is severely wounded.
The ball python bites you but does no damage.
The ball python grabs you. The ball python constricts you.
* * * LOW HITPOINT WARNING * * *
The endoplasm hits you.
You die...

.# ... . ..# ..♣ .#.# #
.... ###.#.# .# .....
##...#.# ##.#
..∩...#..###.###...####
......).SJ@............
........##S.....#).....
..8.....##.#.##........
........##.#.#..#......
......########..# ####.
..∩... ♣♣♣..♣♣ ......
♣.♣.♣.♣ ...... ♣♣.♣.♣♣
♣♣♣...♣


You could see an endoplasm and 2 ball pythons.

Vanquished Creatures
  An endoplasm (D:1)
  A giant cockroach (D:1)
  A goblin (D:1)
  A kobold (D:1)
  2 quokkas (D:1)
6 creatures vanquished.

Notes
Turn   | Place    | Note
-------+----------+-------------------------------------------
     0 | D:1      | omnomnOMINOUS the Octopode Wanderer began the quest for the
                  | Orb.
     0 | D:1      | omnomnOMINOUS set off with the following items: a +0
                  | dagger, an atropa-tipped dart, 2 datura-tipped darts, a
                  | wand of polymorph (4), a potion of attraction; and the
                  | following spell memorised: Summon Small Mammal; and the
                  | following spells available to memorise: Summon Guardian
                  | Golem.
     0 | D:1      | Reached XP level 1. HP: 13/13 MP: 2/2
    41 | D:1      | Reached XP level 2. HP: 4/18 MP: 3/3
    47 | D:1      | Slain by an endoplasm

Illustrated notes

Levels and vault maps discovered:
D:1:      roderic_dead_forest, layout_rooms,
          hellmonk_ecumenical_altar_arch_garden

Action                     || total
---------------------------++-------
  Melee: Dagger            ||    19
         Tentacles         ||     7
         Constrict         ||     6
         Punch             ||     1
 Armour: Skin              ||     1
  Dodge: Dodged            ||    20

Table legend: (Time is in decaauts)
 A = Elapsed time spent in this place.
 B = Non-inter-level travel time spent in this place.
 C = Inter-level travel time spent in this place.
 D = Time resting spent in this place.
 E = Time spent auto-exploring this place.
 F = Levels seen in this place.
 G = Mean time per level.
                   A        B        C        D        E       F      G
               +--------+--------+--------+--------+--------+-----+--------+
         Total |     47 |     47 |      0 |      0 |     16 |   1 |   47.0 |
       Dungeon |     47 |     47 |      0 |      0 |     16 |   1 |   47.0 |
               +--------+--------+--------+--------+--------+-----+--------+

Top non-repeatable levels by time:
     D:1: 47 daAuts
